 Dungeon Crawl Stone Soup version 0.24.1-8-ga250c9d538 (webtiles) character file.

Game seed: 8092587816033483012, levelgen mode: deterministic

554 Hugehornet the Insei (level 7, -5/43 HPs)
             Began as an Octopode Transmuter on May 2, 2020.
             Killed from afar by Blork the orc (12 damage)
             ... with a puff of frost
             ... on level 4 of the Dungeon.
             The game lasted 00:08:12 (3569 turns).

Hugehornet the Insei (Octopode Transmuter)          Turns: 3569, Time: 00:08:12

Health: -5/43      AC:  2    Str:  9    XL:     7   Next: 30%
Magic:  19/19      EV: 20    Int: 17    God:
Gold:   140        SH:  0    Dex: 18    Spells: 4/10 levels left

rFire    . . .     SeeInvis .     - Unarmed
rCold    . . .     Gourm    .   (shield currently unavailable)
rNeg     . . .     Faith    .   (helmet currently unavailable)
rPois    x         Spirit   .   e - amulet of regeneration
rElec    .         Reflect  .   i - ring of resist corrosion
rCorr    +         Harm     .   k - ring of magical power
MR       .....                  (no ring)
Stlth    ++........             (no ring)
HPRegen  0.54/turn              (no ring)
MPRegen  0.16/turn              (no ring)
                                (no ring)
                                (no ring)

@: spider-form
A: tiny, almost no armour, stealthy swim, (amphibious), 8 rings, (constrict 8)
a: End Transformation


You were on level 4 of the Dungeon.
You were not hungry.
You were a venomous arachnid creature.
You visited 1 branch of the dungeon, and saw 4 of its levels.

You collected 140 gold pieces.

Inventory:

Missiles
 a - 53 arrows
Jewellery
 e - an amulet of regeneration (around neck)
 i - a ring of resist corrosion (left front leg)
 k - a ring of magical power (right front leg)
 m - an uncursed ring of flight {unknown}
Scrolls
 b - 2 scrolls of remove curse {unknown}
 d - 4 scrolls of identify {unknown}
 g - 2 scrolls of magic mapping {unknown}
 h - 3 scrolls of teleportation {unknown}
 l - a scroll of fear {unknown}
 o - 2 scrolls of amnesia {unknown}
 p - a scroll of fog {unknown}
Potions
 f - 2 potions of heal wounds {unknown}
 j - 2 potions of might
 n - a potion of berserk rage {unknown}
Comestibles
 c - 6 rations
 q - a chunk of flesh


   Skills:
 - Level 1.0 Fighting
 - Level 2.0 Dodging
 * Level 6.3 Unarmed Combat
 - Level 2.0 Spellcasting
 - Level 4.9 Transmutations
 - Level 2.4 Poison Magic


You had 4 spell levels left.
You knew the following spells:

 Your Spells              Type           Power        Failure   Level  Hunger
a - Beastly Appendage     Tmut           ###...       10%         1    #......
b - Sticks to Snakes      Tmut           ###.....     12%         2    ###....
c - Spider Form           Tmut/Pois      ##........   30%         3    ###....

Your spell library contained the following spells:

 Spells                   Type           Power        Failure   Level  Hunger
 Ice Form                 Ice/Tmut       ##......     77%         4    #####..
 Blade Hands              Tmut           ###.......   77%         5    ######.


Dungeon Overview and Level Annotations

Branches:
Dungeon (4/15)
 Temple: D:4-7

Altars:
Kikubaaqudgha
Okawaru
Qazlal

Annotations:
D:3 2 transporters, Masnef's ghost, amateur FoFi
D:4 Blork the orc


Innate Abilities, Weirdness & Mutations

You cannot wear most types of armour.
You are very stealthy in the water. (Stealth+)
((You are amphibious.))
You can wear up to eight rings at the same time.
((You can use your tentacles to constrict eight enemies at once.))
((Your skin changes colour to match your surroundings (Stealth+).))
((Your rubbery body absorbs attacks. (AC +1, EV +1)))


Message History

Blork the orc looks as sick as possible!
You hit Blork the orc.
Blork the orc looks as sick as possible!
Blork the orc is lightly wounded.
Blork the orc gestures at you while chanting.
The puff of flame hits you!
You barely miss Blork the orc.
Blork the orc is lightly wounded.
Blork the orc hits you with a +0 flail!
* * * LOW HITPOINT WARNING * * *
Blork the orc miscasts a cantrip.
You see here a scale mail.
You see here a ring mail.
Blork the orc grins evilly.
Blork the orc casts a spell at you. The puff of frost hits you!
* * * LOW HITPOINT WARNING * * *
Blork the orc points at you and mumbles some strange words.
The puff of frost hits you!
You die...

############################
#...........)...............
#.############...........###
####.############.#########.###
#...>..[o.o...s................
####.############.#########.###
#.# #.# #.# # #.# #.# #.# # #.#
###### #<# #.# # #o####....#
### #.. . #....'....# ### #
######....# ###'###


You could see Blork the orc and an orc.

Vanquished Creatures
  2 ogres
  A hound (D:2)
  2 orc priests (D:3)
  2 orc wizards
  2 worker ants (D:4)
  4 gnolls (D:2)
  6 adders
  3 worms (D:2)
  7 dart slugs
  2 leopard geckos
  4 orcs
  A ball python (D:2)
  9 bats
  4 giant cockroaches
  8 goblins
  8 hobgoblins
  3 kobolds
  4 quokkas
  A ball python skeleton (D:4)
  4 frilled lizards
  8 rats
85 creatures vanquished.

Notes
Turn   | Place    | Note
-------+----------+-------------------------------------------
     0 | D:1      | Hugehornet the Octopode Transmuter began the quest for the
                  | Orb.
     0 | D:1      | Reached XP level 1. HP: 13/13 MP: 3/3
   168 | D:1      | Reached XP level 2. HP: 16/18 MP: 1/5
   190 | D:1      | Learned a level 2 spell: Sticks to Snakes
   484 | D:1      | Reached XP level 3. HP: 10/23 MP: 4/6
   976 | D:1      | Learned a level 3 spell: Spider Form
  1279 | D:2      | Found a stormy altar of Qazlal.
  1280 | D:2      | Found an ancient bone altar of Kikubaaqudgha.
  1298 | D:2      | Found an iron altar of Okawaru.
  1327 | D:2      | Reached XP level 4. HP: 20/28 MP: 7/7
  1373 | D:2      | Reached skill level 1 in Poison Magic
  1571 | D:2      | Reached XP level 5. HP: 33/33 MP: 8/8
  1639 | D:2      | Reached skill level 4 in Unarmed Combat
  1884 | D:2      | Noticed an ogre
  1894 | D:2      | Killed an ogre
  1894 | D:2      | Reached XP level 6. HP: 38/38 MP: 9/9
  2423 | D:3      | Found a transporter.
  2423 | D:3      | Noticed Masnef's ghost (amateur FoFi)
  2425 | D:3      | Identified the +10 great mace of Radicalism {freeze, rElec
                  | Str+4}
  2428 | D:3      | Found a transporter.
  2662 | D:3      | Reached skill level 5 in Unarmed Combat
  3322 | D:4      | Reached XP level 7. HP: 36/43 MP: 10/10
  3474 | D:4      | Reached skill level 6 in Unarmed Combat
  3540 | D:4      | Noticed Blork the orc
  3569 | D:4      | Killed from afar by Blork the orc

Levels and vault maps discovered:
D:1:      lightli_arrival_farm, layout_basic, minmay_hexomino_p4
D:2:      minmay_chambers_of_twos, layout_basic,
          chequers_temple_overflow_statue_of_worship, first_ration,
          grunt_ministairs_8, kennysheep_okawaru_gauntlet
D:3:      layout_loops_corners, gammafunk_ghost_smash
D:4:      cheibrodos_old_hovel, layout_basic, uniq_eustachio, uniq_blork_the_orc

Skill      XL: |  1  2  3  4  5  6  7 |
---------------+----------------------+-----
Transmutations | 3 4 |  4.9
Poison Magic   | 1 2 |  2.4
Unarmed Combat | 4 5 6 |  6.3
Fighting       | |  1.0
Dodging        | |  2.0
Spellcasting   | |  2.0

Action                   |  1- 3 |  4- 6 |  7- 9 || total
-------------------------+-------+-------+-------++-------
Melee: Unarmed           |    82 |    99 |    18 ||   199
       Kick              |    16 |    21 |     1 ||    38
       Constrict         |    25 |    27 |     2 ||    54
       Tentacles         |    10 |    13 |     1 ||    24
       Punch             |     1 |     2 |       ||     3
 Cast: Beastly Appendage |    24 |    26 |     5 ||    55
       Spider Form       |       |     3 |     2 ||     5
 Stab: Sleeping          |     8 |     8 |       ||    16
  Eat: Chunk             |     2 |     7 |     1 ||    10
Armor: Skin              |    12 |     8 |       ||    20
Dodge: Dodged            |    50 |    69 |    10 ||   129
